 Dungeon Crawl Stone Soup version 0.25-a0-73-g9796ba8d15 (webtiles) character file.

Game seed: 315094916768467015, levelgen mode: deterministic

1933 Amnesiac the Covert (level 8, -15/56 HPs)
             Began as a Vampire Earth Elementalist on Nov 6, 2019.
             Was an Initiate of Ashenzari.
             Shot with a bolt by an orc warrior (24 damage)
             ... in a bailey.
             The game lasted 00:24:50 (6657 turns).

Amnesiac the Covert (Vampire Earth Elementalist)    Turns: 6657, Time: 00:24:51

Health: -15/56     AC:  3    Str: 12    XL:     8   Next: 97%
Magic:  12/12      EV: 18    Int: 17    God:    Ashenzari [......]
Gold:   428        SH:  6    Dex: 22    Spells: 0/12 levels left

rFire    + . .     SeeInvis +   a - +3 dagger
rCold    + . .     Gourm    .   g - +0 buckler
rNeg     . . .     Faith    .   c - +0 robe
rPois    .         Spirit   .   n - +0 helmet
rElec    .         Reflect  .   w - scarf {rC+ rF+}
rCorr    +         Harm     +   (no gloves)
MR       .....                  (no boots)
Stlth    +++++.....             m - amulet of harm
HPRegen  0.38/turn              A - ring of resist corrosion
MPRegen  0.13/turn              (no ring)

@: mighty, agile, flying, regenerating quickly
A: no food, fangs 3, see invisible, unbreathing
a: Exsanguinate, Curse Item, Renounce Religion


You were in a bailey.
You worshipped Ashenzari.
Ashenzari was noncommittal.
You were alive.

You visited 2 branches of the dungeon, and saw 8 of its levels.
You also visited: Sewer and Bailey.

You collected 428 gold pieces.

Inventory:

Hand Weapons
 a - a +3 dagger (weapon)
Missiles
 b - 262 stones
 u - 7 curare-tipped darts (quivered)
 y - 21 poisoned darts
Armour
 c - a +0 robe (worn)
 g - a +0 buckler (worn)
 h - a +0 cloak
 n - a +0 helmet (worn)
 w - a scarf of resistance (worn)
Jewellery
 m - an amulet of harm (around neck)
 t - an uncursed ring of protection from cold
 A - a ring of resist corrosion (left hand)
Scrolls
 d - 2 scrolls of teleportation {!r}
 f - 2 scrolls of remove curse {!r}
 i - 2 scrolls of blinking {!r}
 l - 3 scrolls of amnesia {!r}
 o - a scroll of fog {!r}
 p - a scroll of magic mapping {!r}
 v - a scroll of fear {!r}
 z - a scroll of vulnerability {!r}
Potions
 e - 3 potions of might {!q}
 j - 3 potions of flight {!q}
 k - a potion of curing {!q}
 q - 2 potions of brilliance {!q}
 r - a potion of cancellation {!q}
 x - a potion of agility {!q}
 B - a potion of magic {!q}


   Skills:
 - Level 2.0 Fighting
 - Level 4.3 Short Blades
 - Level 2.1 Dodging
 - Level 8.1 Stealth
 - Level 4.2 Shields
 + Level 2.9 Spellcasting
 - Level 3.0 Transmutations
 - Level 7.8 Earth Magic


You couldn't memorise any spells.
You knew the following spells:

 Your Spells              Type           Power        Failure   Level  Hunger
a - Sandblast             Erth           ####..       1%          1    N/A
b - Passwall              Tmut/Erth      ###.....     2%          2    N/A
d - Lee's Rapid Deconstr  Erth           ####......   21%         5    N/A
e - Petrify               Tmut/Erth      ###.....     19%         4    N/A

Your spell library contained the following spells:

 Spells                   Type           Power        Failure   Level  Hunger
 Stone Arrow              Conj/Erth      ###...       11%         3    N/A
 Corona                   Hex            #......      19%         1    N/A
 Freeze                   Ice            #...         19%         1    N/A
 Slow                     Hex            #.......     26%         2    N/A
 Throw Frost              Conj/Ice       #.....       26%         2    N/A
 Leda's Liquefaction      Hex/Erth       ###.......   34%         4    N/A
 Inner Flame              Hex/Fire       #.......     47%         3    N/A
 Ozocubu's Armour         Chrm/Ice       #.......     47%         3    N/A
 Portal Projectile        Hex/Tloc       #.....       47%         3    N/A
 Cause Fear               Hex            #.........   87%         4    N/A
 Summon Ice Beast         Ice/Summ       #.......     87%         4    N/A
 Throw Icicle             Conj/Ice       #.......     87%         4    N/A

Dungeon Overview and Level Annotations

Branches:
Dungeon (7/15)             Temple (1/1) D:4           Sewer (visited)
 Bailey (1/1)

Altars:
Ashenzari
Cheibriados
Elyvilon
Fedhas
Gozag
Hepliaklqana
Kikubaaqudgha
Makhleb
Nemelex Xobeh
Okawaru
Qazlal
Ru
Sif Muna
Trog
Uskayaw
Vehumet
Wu Jian
Xom
Yredelemnul
Zin
The Shining One


Innate Abilities, Weirdness & Mutations

You do not eat.
Your natural rate of healing is unusually fast.
You have razor-sharp teeth.
You have supernaturally acute eyesight. (SInv)
You can survive without breathing.


Message History

There is an open door here.
Found a flagged portal.
You hear the faint creaking of a portcullis.
There is a flagged portal here.
The world spins around you as you enter the gateway.
You enter a bailey!
An orc and 5 orc warriors come into view.
Found two gates leading back out of this place.
There is an empty arch of ancient stone here.
There is a gate leading back out of this place here.
Okay, then.
You aren't carrying any items that you can evoke.
Okay, then.
Really quaff
x - 2 potions of agility {!q}?
Okay, then.
Unknown command.
Unknown command.
Unknown command.
Really quaff
x - 2 potions of agility {!q}?
You feel agile all of a sudden.
Really quaff
e - 4 potions of might {!q}?
You feel very mighty all of a sudden.
Found a gate leading back out of this place. 3 orc warriors come into view.
The orc warrior shouts!
Found a gate leading back out of this place.
An orc warrior comes into view. It is wielding a +0 arbalest.
The orc warrior shouts!
Really quaff
j - 4 potions of flight {!q}?
You feel very buoyant.
You fly up into the air.
The orc warrior shouts! x3
An orc warrior comes into view. It is wielding a +0 arbalest.
The orc warrior shoots a bolt.
You block the bolt.
You see here a bolt.
The orc shouts!
The orc warrior shouts!
The orc warrior shoots a bolt.
The bolt closely misses you.
Casting: Passwall (safe; 2% risk of failure)
Confirm with . or Enter, or press ? or * to list all spells.
Aiming: Lee's Rapid Deconstruction (quite dangerous; 21% risk of failure)
Press: ? - help, Dir - move target cursor A stone wall.
Okay, then.
The orc warrior shoots a bolt.
You block the bolt. You block the orc warrior's attack.
The orc warrior shoots a bolt.
The bolt hits you.
The orc warrior shoots a bolt.
You block the bolt. The orc warrior barely misses you.
You see here a bolt.
You hit the orc warrior but do no damage.
You bite the orc warrior!
The orc warrior is heavily wounded.
The orc warrior shoots a bolt.
The bolt hits you!
You barely miss the orc warrior.
The orc warrior is heavily wounded.
The orc warrior shoots a bolt.
The bolt hits you!!
* * * LOW HITPOINT WARNING * * *
The orc warrior barely misses you.
You closely miss the orc warrior.
The orc warrior is heavily wounded.
The orc warrior shoots a bolt.
The bolt closely misses you.
The bolt barely misses the orc warrior.
The orc warrior shoots a bolt.
The bolt hits you!!
You die...

### ###### ##∩##
##..o..##.∩.# .
#..≈≈≈..#..(#..≈
#.≈≈o≈≈(......≈≈o
+o≈.oo≈(@oo...≈o∩
#.≈≈o≈≈.......≈≈o≈
#..≈≈≈..#..(#..≈≈≈
##.....##...##....
###### ##∩## ####
##


You could see 8 orc warriors and an orc.

Vanquished Creatures
  A hippogriff (D:5)
  An orc warrior (D:5)
  2 ice beasts
  A black bear (D:6)
  2 ogres
  A centaur (D:5)
  Blork the orc (D:5)
  2 bullfrogs (D:6)
  A water moccasin skeleton (D:5)
  4 scorpions
  A crimson imp (D:5)
  A bullfrog zombie (D:5)
  An orc priest (D:4)
  4 hounds
  A bullfrog skeleton (D:5)
  An iguana (D:5)
  2 worker ants
  2 orc wizards
  2 worker ant zombies
  10 adders
  2 shadow imps
  5 oozes
  2 adder zombies (D:5)
  An adder skeleton (D:7)
  11 worms
  A dart slug (D:2)
  7 leopard geckos
  11 orcs
  6 giant cockroaches
  8 goblins
  7 hobgoblins
  10 jackals
  3 quokkas
  5 ball pythons
  15 bats
  8 frilled lizards
  7 kobolds
  12 rats
162 creatures vanquished.

Notes
Turn   | Place    | Note
-------+----------+-------------------------------------------
     0 | D:1      | Amnesiac the Vampire Earth Elementalist began the quest for
                  | the Orb.
     0 | D:1      | Reached XP level 1. HP: 13/13 MP: 3/3
   367 | D:1      | Reached XP level 2. HP: 17/19 MP: 5/5
   371 | D:1      | Learned a level 2 spell: Passwall
   885 | D:1      | Reached skill level 1 in Short Blades
  1061 | D:2      | Reached XP level 3. HP: 22/24 MP: 4/6
  1150 | D:2      | Reached skill level 1 in Shields
  1394 | D:2      | Reached XP level 4. HP: 30/30 MP: 3/7
  1404 | D:2      | Learned a level 4 spell: Petrify
  2272 | D:3      | Reached skill level 5 in Earth Magic
  2272 | D:3      | Reached XP level 5. HP: 35/35 MP: 3/8
  2369 | D:3      | Found an ancient bone altar of Kikubaaqudgha.
  2962 | D:4      | Reached XP level 6. HP: 41/41 MP: 6/9
  2997 | D:4      | Found a hazy altar of Hepliaklqana.
  3037 | D:4      | Found a staircase to the Ecumenical Temple.
  3069 | Temple   | Entered the Ecumenical Temple
  3214 | Temple   | Became a worshipper of Ashenzari the Shackled
  3478 | D:4      | Reached skill level 1 in Fighting
  3814 | D:5      | Entered Level 5 of the Dungeon
  3837 | D:5      | Noticed an orc warrior
  3918 | D:5      | Noticed Blork the orc
  3923 | D:5      | Killed Blork the orc
  3923 | D:5      | Reached XP level 7. HP: 34/50 MP: 0/10
  3991 | D:5      | Found a glowing drain.
  4016 | Sewer    | Entered a sewer
  4720 | D:4      | Found a burning altar of Makhleb.
  4720 | D:4      | Found a snail-covered altar of Cheibriados.
  4720 | D:4      | Found a glowing golden altar of the Shining One.
  4720 | D:4      | Found a sparkling altar of Nemelex Xobeh.
  4901 | D:5      | Reached skill level 4 in Stealth
  5052 | D:5      | Reached skill level 5 in Stealth
  5052 | D:5      | Reached XP level 8. HP: 52/56 MP: 2/12
  5354 | D:5      | Found a blossoming altar of Fedhas.
  5371 | D:5      | Noticed a hippogriff
  5387 | D:5      | Killed a hippogriff
  5387 | D:5      | Reached skill level 6 in Stealth
  5507 | D:5      | Found a shimmering blue altar of Sif Muna.
  5520 | D:5      | Found a white marble altar of Elyvilon.
  5521 | D:5      | Found an ornate altar of the Wu Jian Council.
  5654 | D:5      | Got the hand axe of Misery {venom, rPois Str-5 Int+2}
  5827 | D:6      | Reached skill level 7 in Stealth
  6058 | D:6      | Reached skill level 8 in Stealth
  6515 | D:7      | Learned a level 5 spell: Lee's Rapid Deconstruction
  6515 | D:7      | Found a sacrificial altar of Ru.
  6634 | D:7      | Found a flagged portal.
  6643 | Bailey   | Entered a bailey
  6657 | Bailey   | Shot with a bolt by an orc warrior

Levels and vault maps discovered:
D:1:      saegor_arrival_simple_a, layout_basic, serial_bayou_pond_c
D:2:      cheibrodos_old_hovel, layout_basic
D:3:      minmay_chambers_of_twos, layout_loops_ring, lemuel_doored_altar
D:4:      layout_basic, nicolae_overflow_crystal_walls,
          nicolae_overflow_hidden_temple, minmay_temple_entry_proselytizer,
          hangedman_abyss_or_decor_passed
D:5:      minmay_chambers_of_fours, layout_basic, old_standard_altar,
          gammafunk_temple_overflow_claw, first_ration, gup_sewer_entry_glass,
          uniq_blork_the_orc
D:6:      layout_rooms, minmay_joined_circles
D:7:      minmay_the_grid_octo_tiled_squarecenter
          [minmay_the_grid_octo_thin_diamonds,
          minmay_the_grid_octo_tetromino_candy, minmay_the_grid_octo_horde,
          minmay_the_grid_octo_checkerflower,
          minmay_the_grid_square_5x5_megaprize_checkered,
          minmay_the_grid_square_5x5_inner_i,
          minmay_the_grid_square_5x5_two_walls_b,
          minmay_the_grid_square_5x5_checkered_sparse,
          minmay_the_grid_square_5x5_six], layout_loops_ring, enter_bailey_8,
          nicolae_ru_sacrificial_ziggurat, uniq_crazy_yiuf_cottage
Temple:   minmay_temple_curvy_loop
Bailey:   bailey_polearm_4, bailey

Skill      XL: |  1  2  3  4  5  6  7  8 |
---------------+-------------------------+-----
Short Blades   | 1 2 3 4 |  4.3
Shields        | 1 2 3 4 |  4.2
Earth Magic    | 4 5 7 |  7.8
Transmutations | 2 3 |  3.0
Fighting       | 2 |  2.0
Stealth        | 5 8 |  8.1
Dodging        | |  2.1
Spellcasting   | |  2.9

Action                   |  1- 3 |  4- 6 |  7- 9 || total
-------------------------+-------+-------+-------++-------
Melee: Unarmed           |    43 |       |       ||    43
       Dagger            |   152 |   181 |   194 ||   527
       Bite              |    13 |    16 |    16 ||    45
Throw: Dart              |       |     2 |     2 ||     4
       Stone             |       |     1 |       ||     1
 Cast: Sandblast         |    12 |    24 |    50 ||    86
       Passwall          |    10 |    18 |     9 ||    37
       Petrify           |       |     1 |    13 ||    14
  Use: Scroll            |       |     3 |    12 ||    15
       Potion            |       |     1 |     5 ||     6
 Stab: Sleeping          |    11 |    13 |    12 ||    36
       Petrified         |       |     2 |    11 ||    13
       Petrifying        |       |       |     4 ||     4
Armor: Robe              |    56 |    36 |    47 ||   139
Dodge: Dodged            |   128 |   116 |   148 ||   392
Block: Buckler           |       |       |    50 ||    50

Table legend:
 A = Non-vault XP
 B = Vault XP
 C = Vault XP percentage of total XP
 D = Non-vault monster count
 E = Vault monster count
 F = Vault count percentage of total count
                 A         B        C        D         E       F
            +---------+---------+-------+---------+---------+-------
      Total |    1935 |     827 |  29.9 |     114 |      48 |  29.6
            +---------+---------+-------+---------+---------+-------
        D:1 |      36 |       0 |   0.0 |      22 |       0 |   0.0
        D:2 |      99 |       2 |   2.0 |      25 |       1 |   3.8
        D:3 |     179 |      25 |  12.3 |      28 |       7 |  20.0
        D:4 |     214 |      43 |  16.7 |      11 |       1 |   8.3
        D:5 |    1017 |     199 |  16.4 |      19 |       6 |  24.0
        D:6 |     342 |     487 |  58.7 |       7 |      10 |  58.8
        D:7 |      48 |       0 |   0.0 |       2 |       0 |   0.0
      Sewer |       0 |      71 | 100.0 |       0 |      23 | 100.0
            +---------+---------+-------+---------+---------+-------
